 Dungeon Crawl Stone Soup version 0.27-a0-1359-ga2a4dfd6fd (webtiles) character file.

Game seed: 12179814170586099628

166 SkeletonJelly the Grave Robber (level 5, -4/24 HPs)
             Began as a Spriggan Necromancer on June 28, 2021.
             Killed by divine providence
             ... invoked by an orc priest
              (12 damage)
             ... on level 4 of the Dungeon.
             The game lasted 00:06:36 (5068 turns).

SkeletonJelly the Grave Robber (SpNe)               Turns: 5068, Time: 00:06:37

Health: -4/24      AC:  2    Str:  4    XL:     5   Next: 22%
Magic:  3/12       EV: 17    Int: 18    God:
Gold:   110        SH:  5    Dex: 15    Spells: 7/12 levels left

rFire    . . .     SeeInvis +   c - +1 dagger (holy)
rCold    . . .     Faith    .   (shield restricted)
rNeg     . . .     Spirit   .   a - +0 robe
rPois    +         Reflect  +   (helmet restricted)
rElec    .         Harm     .   (no cloak)
rCorr    .         Rampage  .   (gloves unavailable)
Will     .....                  (boots unavailable)
Stlth    ++........             h - amulet of reflection
HPRegen  0.08/turn              q - ring of poison resistance
MPRegen  0.13/turn              (no ring)

@: very quick
A: very small, no large weapons, unfitting armour, see invisible, speed 3
a: no special abilities


You were on level 4 of the Dungeon.
You visited 1 branch of the dungeon, and saw 4 of its levels.

You collected 110 gold pieces.

Inventory:

Hand Weapons
 c - a +1 dagger of holy wrath (weapon)
Missiles
 o - 16 poisoned darts
Armour
 a - a +0 robe (worn)
Jewellery
 h - an amulet of reflection (around neck)
 q - a ring of poison resistance (left hand)
Scrolls
 b - a scroll of acquirement {unknown}
 f - 3 scrolls of amnesia {unknown}
 g - a scroll of magic mapping {unknown}
 l - a scroll of fog {unknown}
 m - a scroll of teleportation {unknown}
 p - a scroll of blinking {unknown}
 r - a scroll of noise {unknown}
 s - a scroll of identify {unknown}
 u - a scroll of immolation {unknown}
 v - a scroll of holy word {unknown}
Potions
 d - 5 potions of degeneration {unknown}
 e - a potion of flight {unknown}
 i - 2 potions of heal wounds {unknown}
 j - a potion of berserk rage {unknown}
 k - 2 potions of lignification {unknown}
 n - a potion of haste {unknown}
 t - a potion of resistance {unknown}


   Skills:
 - Level 2.6 Dodging
 - Level 3.0 Stealth
 + Level 4.3 Spellcasting
 * Level 5.3 Necromancy


You had 7 spell levels left.
You knew the following spells:

 Your Spells              Type           Power      Damage    Failure   Level
a - Pain                  Necr           92%        1d8       1%          1
s - Animate Skeleton      Necr           46%        N/A       1%          1
x - Vampiric Draining     Necr           11%        2d7       4%          3

Your spell library contained the following spells:

 Spells                   Type           Power      Damage    Failure   Level
 Animate Dead             Necr           11%        N/A       16%         4
 Agony                    Necr           23%        N/A       41%         5


Dungeon Overview and Level Annotations

Branches:
Dungeon (4/15)
 Temple: D:4-7

Altars:
Qazlal
Yredelemnul

Shops:
D:2 *


Innate Abilities, Weirdness & Mutations

You are very small and have problems with some larger weapons.
You are too small for most types of armour.
You have supernaturally acute eyesight. (SInv)
You cover ground extremely quickly. (Speed+++)


Message History

You take 1 damage, and have 23/24 hp.
You now have 10/12 mp.
The worm writhes in agony!
You take 1 damage, and have 22/24 hp.
You now have 9/12 mp.
The worm writhes in agony!
You kill the worm!
You take 1 damage, and have 21/24 hp.
You now have 8/12 mp.
You can't see any susceptible monsters within range! (Use Z to cast anyway.)
You can't see any susceptible monsters within range! (Use Z to cast anyway.)
You can't see any susceptible monsters within range! (Use Z to cast anyway.)
You can't see any susceptible monsters within range! (Use Z to cast anyway.)
You can't see any susceptible monsters within range! (Use Z to cast anyway.) Magic restored.
HP restored.
You now have 110 gold pieces (gained 9).
Key pressed, stopping explore.
An orc comes into view. It is wielding a +0 dagger.
The orc moves out of view.
v - a scroll labelled CUHOYM YSTE Health restored: 24; MP restored: 12 An orc is nearby!
An orc is nearby!
An orc is nearby!
The orc writhes in agony.
You now have 11/12 mp.
The orc writhes in agony.
You take 1 damage, and have 23/24 hp.
You now have 10/12 mp.
The orc writhes in agony.
You take 1 damage, and have 22/24 hp.
You now have 9/12 mp.
The orc barely resists.
You take 1 damage, and have 21/24 hp.
You now have 8/12 mp.
The orc writhes in agony.
You kill the orc!
You take 1 damage, and have 20/24 hp.
You now have 7/12 mp.
You can't see any susceptible monsters within range! (Use Z to cast anyway.)
You can't see any susceptible monsters within range! (Use Z to cast anyway.)
You can't see any susceptible monsters within range! (Use Z to cast anyway.)
You can't see any susceptible monsters within range! (Use Z to cast anyway.)
You can't see any susceptible monsters within range! (Use Z to cast anyway.)
You can't see any susceptible monsters within range! (Use Z to cast anyway.)
An orc comes into view. It is wielding a +0 mace.
You regained 3 hp, and now have 23/24 hp.
MP restored: 12 The orc shouts!
You hear a shout! x2
An orc comes into view. It is wielding a +0 hand axe.
The orc shouts!
You hear a shout! x3
An orc priest comes into view. It is wielding a +0 hand axe.
You hear a shout!
An orc comes into view. It is wielding a +0 war axe.
The orc writhes in agony.
An orc priest comes into view. It is wielding a +0 flail.
An orc comes into view. It is wielding a +0 short sword.
An orc comes into view. It is wielding a +0 dagger.
You take 1 damage, and have 22/24 hp.
You now have 11/12 mp.
The orc writhes in agony!
You kill the orc!
You take 1 damage, and have 21/24 hp.
You now have 10/12 mp.
The orc writhes in agony!
You kill the orc!
You take 1 damage, and have 20/24 hp.
You now have 9/12 mp.
The orc writhes in agony!
You kill the orc!
An orc comes into view. It is wielding a +0 hand axe.
You take 1 damage, and have 19/24 hp.
You now have 8/12 mp.
Casting: Pain (safe; 1% risk of failure)
Confirm with . or Enter, or press ? or * to list all spells.
You attempt to give life to the dead...
Before your eyes, flesh is ripped from the corpse!
The dead are walking!
The orc priest hits your orc skeleton with a +0 hand axe.
You now have 7/12 mp.
Casting: Animate Skeleton (safe; 1% risk of failure)
Confirm with . or Enter, or press ? or * to list all spells.
You attempt to give life to the dead...
Before your eyes, flesh is ripped from the corpse!
The dead are walking!
The orc hits your orc skeleton with a +0 war axe.
Your orc skeleton is destroyed!
The orc hits your orc skeleton with a +0 war axe.
You now have 6/12 mp.
Casting: Animate Skeleton (safe; 1% risk of failure)
Confirm with . or Enter, or press ? or * to list all spells.
There is nothing nearby to animate!
The orc writhes in agony!
You kill the orc!
You take 1 damage, and have 18/24 hp.
You now have 5/12 mp.
The orc writhes in agony!
You kill the orc!
Your orc skeleton closely misses the orc.
You take 1 damage, and have 17/24 hp.
The orc writhes in agony.
Your orc skeleton closely misses the orc priest.
You now have 4/12 mp.
The orc writhes in agony!
You kill the orc!
The orc priest calls down the wrath of Beogh upon you.
Beogh smites you!
The orc priest mumbles some strange prayers to Beogh against you.
Beogh smites you!
Ouch! That really hurt!
You die...

.......###.#
...........#
......###..##
......###...# #
#.........#.#####.?
#########.......... .
................# ...
#######....######o....
##......@)oZ#
#.....)...$#
#..........#
#.............
#..........#...
....######### ..
###### .


You could see 2 orc priests and a friendly orc skeleton.

Vanquished Creatures
  An orc priest (D:3)
  A howler monkey skeleton (D:2)
  4 adders
  2 worms
  9 orcs
  5 ball pythons
  7 endoplasms
  3 giant cockroaches (D:1)
  6 hobgoblins
  6 jackals
  3 quokkas
  11 bats
  2 frilled lizards
  4 goblins
  8 kobolds
  4 rats
76 creatures vanquished.

Notes
Turn   | Place    | Note
-------+----------+-------------------------------------------
     0 | D:1      | SkeletonJelly the Spriggan Necromancer began the quest for
                  | the Orb.
     0 | D:1      | Reached XP level 1. HP: 9/9 MP: 5/5
   493 | D:1      | Learned a level 1 spell: Animate Skeleton
   642 | D:1      | Reached XP level 2. HP: 11/13 MP: 5/7
   729 | D:1      | Reached skill level 4 in Necromancy
  1592 | D:1      | Reached XP level 3. HP: 13/16 MP: 4/8
  2228 | D:1      | Learned a level 3 spell: Vampiric Draining
  2799 | D:2      | Found Ysuabo's Assorted Antiques.
  2951 | D:2      | Found a basalt altar of Yredelemnul.
  3200 | D:2      | Found a stormy altar of Qazlal.
  3218 | D:2      | Reached XP level 4. HP: 18/21 MP: 7/10
  3571 | D:3      | Reached skill level 5 in Necromancy
  3977 | D:3      | Found a faded altar of an unknown god.
  4411 | D:3      | Reached XP level 5. HP: 18/24 MP: 3/12
  5068 | D:4      | Killed from afar by an orc priest

Illustrated notes

Levels and vault maps discovered:
D:1:      dpeg_arrival_snail, layout_loops_corners,
          minmay_misc_feat_four_crosses, st_stairs_8, minmay_small_reverse_x
D:2:      layout_loops_ring, basic_altar, serial_shops, shop, minmay_hexomino_r4
D:3:      layout_basic, hellmonk_ecumenical_altar_crossroads
D:4:      layout_rooms, grunt_temple_overflow_order_and_chaos_1

Skill      XL: |  1  2  3  4 |
---------------+-------------+-----
Spellcasting   | 3 4 |  4.3
Necromancy     | 4 5 |  5.3
Dodging        | |  2.6
Stealth        | |  3.0

Action                   |  1- 3 |  4- 6 || total
-------------------------+-------+-------++-------
Melee: Dagger            |    11 |       ||    11
 Cast: Pain              |    78 |    76 ||   154
       Animate Skeleton  |    13 |    11 ||    24
Armor: Robe              |       |     2 ||     2
Dodge: Dodged            |    11 |    10 ||    21
Block: Other             |     3 |     1 ||     4

Table legend: (Time is in decaauts)
 A = Elapsed time spent in this place.
 B = Non-inter-level travel time spent in this place.
 C = Inter-level travel time spent in this place.
 D = Time resting spent in this place.
 E = Time spent auto-exploring this place.
 F = Levels seen in this place.
 G = Mean time per level.
                   A        B        C        D        E       F      G
               +--------+--------+--------+--------+--------+-----+--------+
         Total |   4207 |   4169 |     38 |      0 |   3827 |   4 | 1051.8 |
       Dungeon |   4207 |   4169 |     38 |      0 |   3827 |   4 | 1051.8 |
               +--------+--------+--------+--------+--------+-----+--------+

Top non-repeatable levels by time:
     D:1: 1880 daAuts
     D:3: 1299 daAuts
     D:2: 895 daAuts
     D:4: 131 daAuts
